 Dungeon Crawl Stone Soup version 0.30-a0-1163-gf69bf04e7a (webtiles) character file.

Game seed: 5066567907341447292

912 Arzdou the Covert (level 7, -12/32 HPs)
             Began as a Spriggan Enchanter on Apr 28, 2023.
             Mangled by a sleepcap (19 damage)
             ... on level 4 of the Dungeon.
             The game lasted 00:14:05 (5645 turns).

Arzdou the Covert (Spriggan Enchanter)              Turns: 5645, Time: 00:14:05

Health: -12/32     AC:  3    Str: 10    XL:     7   Next: 82%
Magic:  13/15      EV:  4    Int: 18    God:
Gold:   260        SH:  0    Dex: 16    Spells: 7/15 levels left

rFire   . . .        q - +0 dagger (elec)
rCold   . . .        (no shield)
rNeg    . . .        b - +1 robe
rPois   .            (helmet restricted)
rElec   .            (no cloak)
rCorr   .            (gloves unavailable)
SInv    +            (boots unavailable)
Will    +....        (no amulet)
Stlth   ++++         f - +6 ring of strength
HPRegen 0.25/turn    (no ring)
MPRegen 0.14/turn

%: no passive effects
@: sleeping, very quick
A: very small, no large weapons, unfitting armour, see invisible, speed 3
a: no special abilities


You were on level 4 of the Dungeon.
You visited 1 branch of the dungeon, and saw 5 of its levels.

You collected 260 gold pieces.

Inventory:

Hand Weapons
 a - a +1 dagger of draining
 q - a +0 dagger of electrocution (weapon)
Armour
 b - a +1 robe (worn)
Jewellery
 f - a +6 ring of strength (left hand)
Wands
 r - a wand of polymorph (10)
Scrolls
 g - 3 scrolls of enchant weapon
 i - a scroll of magic mapping
 k - 3 scrolls of teleportation
 l - a scroll of vulnerability
 m - a scroll of amnesia
Potions
 c - 3 potions of invisibility
 d - a potion of haste
 e - a potion of cancellation
 p - 2 potions of heal wounds


   Skills:
 + Level 3.5 Short Blades
 + Level 4.9 Dodging
 * Level 8.4 Stealth
 + Level 4.6 Spellcasting
 * Level 6.5 Hexes
 + Level 1.9 Ice Magic


You had 7 spell levels left.
You knew the following spells:

 Your Spells              Type           Power      Damage    Failure   Level
a - Ensorcelled Hibernat  Hex/Ice        38%        N/A       3%          2
b - Confusing Touch       Hex            27%        N/A       2%          3
c - Tukima's Dance        Hex            27%        N/A       2%          3

Your spell library contained the following spells:

 Spells                   Type           Power      Damage    Failure   Level
 Dazzling Flash           Conj/Hex       30%        N/A       11%         3
 Ozocubu's Armour         Ice            11%        N/A       19%         3
 Blink                    Tloc           8%         N/A       22%         2
 Metabolic Englaciation   Hex/Ice        9%         N/A       56%         5
 Manifold Assault         Tloc           4%         N/A       80%         4
 Simulacrum               Ice/Necr       3%         N/A       100%        6
 Storm Form               Tmut/Air       2%         N/A       100%        7


Dungeon Overview and Level Annotations

Branches:
Dungeon (5/15)
 Temple: D:4-7

Altars:
Cheibriados
Elyvilon

Shops:
D:5 =

Annotations:
D:5 Blork the orc


Innate Abilities, Weirdness & Mutations

You are very small and have problems with some larger weapons.
You are too small for most types of armour.
You have supernaturally acute eyesight. (SInv)
You cover ground extremely quickly. (Speed+++)


Message History

a +0 helmet; a +0 animal skin
Okay, then.
Magic restored.
You see here a +0 club.
There is a stone staircase leading down, spattered with blood here.
You climb downwards.
Level annotation: Blork the orc Blork the orc mumbles some strange words.
Blork the orc seems to speed up.
The sleepcap releases spores at you but does no damage.
The sleepcap completely misses you.
There is a stone staircase leading up here.
The sleepcap misses you.
You climb upwards.
There is a stone staircase leading down, spattered with blood here.
You can't see any susceptible monsters within range! (Use Z to cast anyway.)
Casting: Ensorcelled Hibernation (safe; 3% risk of failure)
Confirm with . or Enter, or press ? or * to list all spells.
Your hands begin to glow red.
The sleepcap releases spores at you.
You are engulfed in a cloud of soporific spores!
You fall asleep.
The sleepcap releases spores at you!!
You wake up.
Ouch! That really hurt!
The sleepcap closely misses you.
You hit the sleepcap but do no damage.
The sleepcap appears confused.
The sleepcap completely misses you.
You hit the sleepcap but do no damage.
You catch the helpless sleepcap completely off-guard!
You impale the sleepcap!!
The sleepcap is severely damaged.
You hit the sleepcap but do no damage.
The sleepcap is severely damaged.
The sleepcap releases spores at you!
* * * LOW HITPOINT WARNING * * *
You are engulfed in a cloud of soporific spores!
You fall asleep.
The sleepcap releases spores at itself.
The sleepcap releases spores at you!!
Ouch! That really hurt!
You die...

##### ##...# ##### #....##
######## ....# #....@## ##..[##..
....# ##'##f.#######........
....# #.[.##......#..>......
....# #P8P#.>...............
....# #####.................
....## #..................
.....## #.........(.....#..
##.#..### #..................
##......#######.........≈≈≈≈≈≈≈..


You could see a sleepcap (confused).

Vanquished Creatures
  Sigmund (D:4)
  2 water moccasins (D:4)
  An ogre (D:4)
  A phantom (D:4)
  A hound (D:4)
  An orc priest (D:4)
  2 iguanas (D:4)
  6 adders
  5 dart slugs
  The ghost of ketsa the Sneak, a weakling SpDe (D:4)
  10 orcs
  6 ball pythons
  2 bats
  12 endoplasms
  4 giant cockroaches
  6 hobgoblins
  10 jackals
  3 quokkas (D:1)
  A frilled lizard (D:1)
  11 goblins
  3 kobolds
  8 rats
97 creatures vanquished.

Vanquished Creatures (collateral kills)
  Edmund (D:4)
  Robin (D:4)
  An orc (D:2)
3 creatures vanquished.

Vanquished Creatures (others)
  A dancing weapon (D:4)
  A plant (D:3)
2 creatures vanquished.

Grand Total: 102 creatures vanquished

Notes
Turn   | Place    | Note
-------+----------+-------------------------------------------
     0 | D:1      | Arzdou the Spriggan Enchanter began the quest for the Orb.
     0 | D:1      | Reached XP level 1. HP: 9/9 MP: 5/5
   158 | D:1      | Reached XP level 2. HP: 12/13 MP: 6/6
   162 | D:1      | Learned a level 2 spell: Ensorcelled Hibernation
   715 | D:1      | Reached skill level 5 in Stealth
   818 | D:1      | Reached XP level 3. HP: 16/16 MP: 5/8
  1409 | D:2      | Learned a level 3 spell: Confusing Touch
  1413 | D:2      | Learned a level 3 spell: Tukima's Dance
  1516 | D:2      | Found a snail-covered altar of Cheibriados.
  2103 | D:3      | Reached XP level 4. HP: 21/21 MP: 9/9
  2369 | D:3      | Identified the +2 leather armour "Jifacs Cots" {rPois
                  | Regen+ Str-4 Dex-2}
  2895 | D:3      | Reached skill level 6 in Stealth
  3079 | D:3      | Found a faded altar of an unknown god.
  3516 | D:4      | Noticed a water moccasin
  3521 | D:4      | Killed a water moccasin
  3522 | D:4      | Reached skill level 5 in Hexes
  3522 | D:4      | Reached XP level 5. HP: 24/24 MP: 6/11
  3575 | D:4      | Noticed an ogre
  3578 | D:4      | Noticed Edmund
  3582 | D:4      | Killed an ogre
  3583 | D:4      | Reached skill level 1 in Ice Magic
  3583 | D:4      | Reached XP level 6. HP: 28/28 MP: 12/12
  3607 | D:4      | Killed Edmund
  3608 | D:4      | Reached skill level 7 in Stealth
  3821 | D:4      | Noticed Robin
  3861 | D:4      | Killed Robin
  4220 | D:4      | Reached XP level 7. HP: 28/32 MP: 9/14
  4332 | D:4      | Found a white marble altar of Elyvilon.
  4404 | D:4      | Noticed Sigmund
  4412 | D:4      | Killed Sigmund
  4413 | D:4      | Reached skill level 8 in Stealth
  4428 | D:4      | HP: 1/32 [poisoned by Sigmund]
  4682 | D:4      | Found a runed translucent door.
  4682 | D:4      | Noticed ketsa's ghost (weakling SpDe)
  4688 | D:4      | Killed ketsa's ghost
  5082 | D:5      | Entered Level 5 of the Dungeon
  5082 | D:5      | Found Reimud's Jewellery Shoppe.
  5101 | D:5      | Noticed Blork the orc
  5477 | D:4      | Found a white marble altar of Elyvilon.
  5645 | D:4      | Mangled by a sleepcap

Illustrated notes

Levels and vault maps discovered:
D:1:      dpeg_arrival_prison, layout_basic, chequers_serial_rivers_marsh
D:2:      layout_loops_cross, basic_altar
D:3:      layout_loops_ring, nicolae_overflow_hidden_temple,
          shapermc_ecumenical_altar_petra, nicolae_elevator_lobby_asterisk
D:4:      minmay_inner_zag, layout_rooms, mainiacjoe_overflow_catwalk,
          gammafunk_ghost_grave, uniq_robin, uniq_sigmund, uniq_edmund
D:5:      layout_rooms, nicolae_ru_sacrificial_ziggurat,
          hellmonk_ghost_happy_afterlife, serial_shops, shop, uniq_pikel,
          uniq_blork_the_orc

Skill      XL: |  1  2  3  4  5  6  7 |
---------------+----------------------+-----
Spellcasting   | 3 4 |  4.6
Hexes          | 4 5 6 |  6.5
Dodging        | 3 4 |  4.9
Stealth        | 5 6 7 8 |  8.4
Short Blades   | 2 3 |  3.5
Ice Magic      | 1 |  1.9

Action                     |  1- 3 |  4- 6 |  7- 9 || total
---------------------------+-------+-------+-------++-------
  Melee: Dagger            |    85 |   125 |    43 ||   253
         Punch             |       |     2 |       ||     2
   Cast: Ensorcelled Hiber |    25 |    37 |    16 ||    78
         Confusing Touch   |       |     4 |     5 ||     9
         Tukima's Dance    |       |     5 |       ||     5
    Use: Scroll            |       |       |    11 ||    11
         Potion            |       |       |     1 ||     1
   Stab: Sleeping          |    31 |    23 |     8 ||    62
         Confused          |       |     2 |     3 ||     5
         Distracted        |       |     1 |       ||     1
 Armour: Robe              |    13 |    10 |     5 ||    28
  Dodge: Dodged            |    59 |    74 |    33 ||   166

Table legend: (Time is in decaauts)
 A = Elapsed time spent in this place.
 B = Non-inter-level travel time spent in this place.
 C = Inter-level travel time spent in this place.
 D = Time resting spent in this place.
 E = Time spent auto-exploring this place.
 F = Levels seen in this place.
 G = Mean time per level.
                   A        B        C        D        E       F      G
               +--------+--------+--------+--------+--------+-----+--------+
         Total |   4244 |   4071 |    173 |    421 |   2734 |   5 |  848.8 |
       Dungeon |   4244 |   4071 |    173 |    421 |   2734 |   5 |  848.8 |
               +--------+--------+--------+--------+--------+-----+--------+

Top non-repeatable levels by time:
     D:4: 1460 daAuts
     D:3: 1181 daAuts
     D:1: 1014 daAuts
     D:2: 561 daAuts
     D:5: 25 daAuts
